 Dungeon Crawl Stone Soup version 0.29.1-14-g9c671dbff4 (webtiles) character file.

Game seed: 1782639091842518203

5821 protoss039 the Covert (level 10, -9/53 HPs)
             Began as a Spriggan Enchanter on Feb 18, 2023.
             Was a Believer of Dithmenos.
             Mangled by Gastronok (37 damage)
             ... on level 8 of the Dungeon.
             The game lasted 00:25:52 (12817 turns).

protoss039 the Covert (Spriggan Enchanter)         Turns: 12817, Time: 00:25:52

Health: -9/53      AC:  5    Str:  4    XL:     10   Next: 51%
Magic:  10/21      EV: 30    Int: 17    God:    Dithmenos [**....]
Gold:   625        SH:  0    Dex: 26    Spells: 12/23 levels left

rFire   + . .      SeeInvis +   a - +3 dagger (speed)
rCold   + . .      Faith    .   (no shield)
rNeg    . . .      Spirit   .   Q - +2 robe {rC+ rF+}
rPois   .          Reflect  .   (helmet restricted)
rElec   .          Harm     .   L - +0 cloak
rCorr   .          Rampage  .   (gloves unavailable)
Will    +....                   (boots unavailable)
Stlth   +++++++...              (no amulet)
HPRegen 0.17/turn               k - +6 ring of dexterity
MPRegen 0.17/turn               y - +4 ring of evasion

@: confusing by touch, wreathed by umbra, studying Axes, very quick
A: very small, no large weapons, unfitting armour, see invisible, speed 3
a: Renounce Religion, Shadow Step


You were on level 8 of the Dungeon.
You worshipped Dithmenos.
Dithmenos was pleased with you.
You visited 2 branches of the dungeon, and saw 9 of its levels.
You also visited: Bailey.

You collected 625 gold pieces.

Inventory:

Hand Weapons
 a - a +3 dagger of speed (weapon)
 b - the +3 flail of Regicide {vamp, Dex+4}
   (You found it on level 4 of the Dungeon)

   It occasionally heals its wielder for a portion of the damage dealt when it
   wounds a living foe.
   Dex:       It affects your dexterity (+4).
 s - a +3 shortbow
 H - a +7 broad axe
 O - a +1 dagger of protection
Missiles
 G - 3 throwing nets (quivered)
Armour
 L - a +0 cloak (worn)
 Q - a +2 robe of resistance (worn)
Jewellery
 k - a +6 ring of dexterity (left hand)
 y - a +4 ring of evasion (right hand)
 C - a ring of protection from fire
 K - a ring of magical power
Wands
 n - a wand of quicksilver (9)
 r - a wand of digging (4)
 t - a wand of flame (32)
 D - a wand of iceblast (4)
Scrolls
 f - 3 scrolls of enchant armour
 g - 3 scrolls of summoning {unknown}
 h - a scroll of noise {unknown}
 i - 2 scrolls of butterflies {unknown}
 l - 5 scrolls of teleportation
 m - a scroll of blinking {unknown}
 p - 3 scrolls of fear
 q - a scroll of identify
 x - a scroll of enchant weapon {unknown}
 A - 3 scrolls of immolation {unknown}
 I - 2 scrolls of vulnerability {unknown}
 P - 2 scrolls of magic mapping {unknown}
Potions
 c - 3 potions of invisibility
 d - a potion of might {unknown}
 e - 3 potions of flight {unknown}
 j - a potion of ambrosia {unknown}
 o - 2 potions of attraction
 u - a potion of cancellation {unknown}
 v - 2 potions of curing {unknown}
 w - 3 potions of mutation {unknown}
 z - 2 potions of berserk rage {unknown}
 B - 6 potions of heal wounds {unknown}
 E - 2 potions of haste
 F - a potion of lignification {unknown}
 J - a potion of brilliance {unknown}
 M - 2 potions of resistance {unknown}
 N - a potion of experience


   Skills:
 * Level 6.0 Fighting
 + Level 4.6 Short Blades
 - Level 3.0 Ranged Weapons
 + Level 8.5 Dodging
 + Level 9.8 Stealth
 + Level 7.2 Spellcasting
 - Level 6.0 Hexes
 - Level 3.0 Ice Magic
 * Level 5.8 Invocations


You had 12 spell levels left.
You knew the following spells:

 Your Spells              Type           Power      Damage    Failure   Level
a - Ensorcelled Hibernat  Hex/Ice        42%        N/A       2%          2
b - Confusing Touch       Hex            26%        N/A       3%          3
c - Tukima's Dance        Hex            26%        N/A       3%          3
d - Dazzling Flash        Conj/Hex       32%        N/A       10%         3

Your spell library contained the following spells:

 Spells                   Type           Power      Damage    Failure   Level
 Freeze                   Ice            64%        1d8       3%          1
 Frozen Ramparts          Ice            32%        1d5       10%         3
 Metabolic Englaciation   Hex/Ice        10%        N/A       45%         5
 Hailstorm                Conj/Ice       11%        3d5       52%         4
 Silence                  Hex/Air        8%         N/A       67%         5
 Passage of Golubria      Tloc           6%         N/A       75%         4
 Petrify                  Tmut/Erth      6%         N/A       75%         4
 Statue Form              Tmut/Erth      4%         N/A       100%        6
 Lehudib's Crystal Spear  Conj/Erth      3%         10d2      100%        8


Dungeon Overview and Level Annotations

Branches:
Dungeon (8/15) Zot: 26241  Temple (1/1) D:6 Zot: 5988  Bailey (visited)
   Lair: D:8-11

Altars:
Cheibriados
Dithmenos
Elyvilon
Fedhas
Gozag
Hepliaklqana
Kikubaaqudgha
Nemelex Xobeh
Okawaru
Qazlal
Ru
Sif Muna
Trog
Uskayaw
Vehumet
Wu Jian
Xom
Yredelemnul
Zin
The Shining One

Annotations:
D:3 2 transporters, yegreS's ghost, weakling MeEE
D:8 Gastronok


Innate Abilities, Weirdness & Mutations

You are very small and have problems with some larger weapons.
You are too small for most types of armour.
You have supernaturally acute eyesight. (SInv)
You cover ground extremely quickly. (Speed+++)


Message History

Aim: Gastronok, wearing a +0 hat (covering ground quickly, chance to affect: 10%)
The gnoll resists with significant effort.
The gnoll completely misses you.
Unknown command.
Casting: Ensorcelled Hibernation (safe; 2% risk of failure)
Confirm with . or Enter, or press ? or * to list all spells.
Aiming: Ensorcelled Hibernation (safe; 2% risk of failure)
Press: ? - help, Shift-Dir - straight line, f/p - Gastronok
Aim: Gastronok, wearing a +0 hat (covering ground quickly, chance to affect: 10%)
The gnoll looks drowsy...
Unknown command.
The helpless gnoll fails to defend itself.
You skewer the gnoll like a kebab!!!!
You kill the gnoll!
Dithmenos accepts your kill.
Things that are here:
a scroll of fear; a gnoll corpse
Casting: Ensorcelled Hibernation (safe; 2% risk of failure)
Confirm with . or Enter, or press ? or * to list all spells.
Your hands begin to glow red.
Unknown command.
Unknown command.
You hit Gastronok but do no damage. You hit Gastronok but do no damage.
Gastronok completely misses you.
You hit Gastronok but do no damage. You hit Gastronok but do no damage.
You hit Gastronok but do no damage. You hit Gastronok but do no damage.
Gastronok waves his eye-stalks in wide circles.
The air twists around and strikes you!!
You hit Gastronok but do no damage. You hit Gastronok but do no damage.
You hit Gastronok but do no damage. You hit Gastronok but do no damage.
You wobble.
You hit Gastronok but do no damage. You hit Gastronok but do no damage.
You hit Gastronok but do no damage. Gastronok bites you!!!
Ouch! That really hurt!
You die...

#.####.#..#
..........#.# #.##.#
#..._.....#.# #.###.
#.........#.# #.# ##
##.........#.####.# #
#...........).....#
#................##
###..........####..#
.......@.....# #..#
......w.?....# #..### #
....)..###..## #....# #
.............## ##.#.# #
.........##.#.## #.#.# #
...........###.###.#.###
..........# ##.##......
###.....##.###.###..###.
... #.#.## #..# #.


You could see Gastronok (swift).

Vanquished Creatures
  An orc warlord (Bailey)
  A two-headed ogre (D:8)
  Pikel (D:6)
  Grinder (D:3)
  3 yaks (D:8)
  A steam dragon (D:5)
  Duvessa (D:6)
  A water moccasin (D:8)
  A sky beast (D:7)
  4 orc warriors
  2 ice beasts
  A black bear (D:6)
  2 ogres
  A centaur (D:6)
  2 lemures (D:6)
  A bullfrog (D:7)
  Blork the orc (D:5)
  2 scorpions
  3 necrophages
  8 wights
  Dowan (D:6)
  A howler monkey (D:2)
  A quasit (D:3)
  2 hounds
  A jelly (D:4)
  2 orc priests
  Ijyb (D:3)
  7 orc wizards
  Natasha (thrice) (D:3)
  Robin (D:3)
  15 gnolls
  4 adders
  3 shadow imps
  3 white imps
  4 ufetubi
  A worm (D:5)
  4 dart slugs
  31 orcs
  6 ball pythons
  4 bats
  9 endoplasms
  5 giant cockroaches
  22 goblins
  11 hobgoblins
  7 jackals (D:2)
  3 quokkas
  4 frilled lizards
  18 kobolds
  9 rats
221 creatures vanquished.

Vanquished Creatures (collateral kills)
  Edmund (D:4)
  A wight (D:8)
  An orc (D:7)
3 creatures vanquished.

Vanquished Creatures (others)
  3 dancing weapons
  7 demonic plants (D:4)
  21 plants (D:1)
31 creatures vanquished.

Grand Total: 255 creatures vanquished

Notes
Turn   | Place    | Note
-------+----------+-------------------------------------------
     0 | D:1      | protoss039 the Spriggan Enchanter began the quest for the
                  | Orb.
     0 | D:1      | Reached XP level 1. HP: 9/9 MP: 5/5
   225 | D:1      | Reached XP level 2. HP: 11/13 MP: 6/6
   231 | D:1      | Learned a level 2 spell: Ensorcelled Hibernation
   281 | D:1      | Found a faded altar of an unknown god.
  1178 | D:1      | Reached XP level 3. HP: 17/17 MP: 8/8
  1639 | D:1      | Learned a level 3 spell: Confusing Touch
  1646 | D:2      | Reached XP level 4. HP: 21/21 MP: 6/9
  1918 | D:2      | Reached skill level 1 in Ice Magic
  2162 | D:1      | Reached skill level 5 in Stealth
  3274 | D:3      | Noticed Grinder
  3274 | D:3      | Found an opulent altar of Gozag.
  3348 | D:3      | Noticed Natasha
  3366 | D:3      | Noticed yegreS's ghost (weakling MeEE)
  3368 | D:3      | Killed Natasha
  3369 | D:3      | Reached XP level 5. HP: 25/25 MP: 10/10
  3383 | D:3      | Found a transporter.
  3390 | D:3      | Identified the +1 helmet "Iblickeo" {+Inv Int+3 Dex-4}
  3390 | D:3      | Noticed Robin
  3869 | D:3      | Killed Grinder
  3870 | D:3      | Reached skill level 1 in Fighting
  3870 | D:3      | Reached XP level 6. HP: 30/30 MP: 8/12
  3955 | D:3      | Noticed Natasha
  3981 | D:3      | Killed Natasha
  4086 | D:3      | Noticed Ijyb
  4092 | D:3      | Killed Ijyb
  4093 | D:3      | Reached skill level 5 in Dodging
  4139 | D:3      | Found a transporter.
  4143 | D:3      | Noticed Natasha
  4158 | D:3      | Killed Natasha
  4993 | D:4      | Noticed Edmund
  5567 | D:3      | Killed Robin
  5684 | D:4      | Reached skill level 6 in Stealth
  5684 | D:4      | Reached XP level 7. HP: 34/34 MP: 12/14
  5869 | D:4      | Identified the +3 flail of Regicide {vamp, Dex+4}
  6416 | D:4      | Reached skill level 5 in Hexes
  6543 | D:4      | Learned a level 3 spell: Tukima's Dance
  6574 | D:4      | Killed Edmund
  6610 | D:5      | Entered Level 5 of the Dungeon
  7030 | D:5      | Found a sacrificial altar of Ru.
  7149 | D:5      | Noticed Blork the orc
  7167 | D:5      | Killed Blork the orc
  7278 | D:5      | Reached XP level 8. HP: 39/39 MP: 12/15
  7398 | D:5      | Reached skill level 7 in Stealth
  7705 | D:5      | Reached skill level 5 in Spellcasting
  7874 | D:6      | Found a staircase to the Ecumenical Temple.
  7888 | Temple   | Entered the Ecumenical Temple
  7900 | Temple   | Became a worshipper of Dithmenos the Shadowed
  8091 | D:6      | Reached skill level 1 in Invocations
  8766 | D:6      | Noticed Pikel
  8776 | D:6      | Killed Pikel
  8777 | D:6      | Reached skill level 8 in Stealth
  8777 | D:6      | Reached XP level 9. HP: 46/46 MP: 14/18
  8909 | D:6      | Reached * piety under Dithmenos
  9154 | D:6      | Noticed Duvessa
  9155 | D:6      | Found a glowing silver altar of Zin.
  9198 | D:6      | Noticed Dowan
  9203 | D:6      | Killed Duvessa
  9206 | D:6      | Killed Dowan
  9642 | D:7      | Found a flagged portal.
  9698 | Bailey   | Entered a bailey
  9789 | Bailey   | Noticed an orc warlord
  9980 | Bailey   | Found a runed translucent gate.
  9983 | Bailey   | Found a runed translucent gate.
  9991 | Bailey   | Found a runed translucent gate.
 10051 | Bailey   | Reached skill level 1 in Ranged Weapons
 10850 | Bailey   | Killed an orc warlord
 10851 | Bailey   | Reached skill level 5 in Fighting
 10851 | Bailey   | Reached skill level 9 in Stealth
 11005 | D:7      | Reached XP level 10. HP: 51/51 MP: 15/21
 11102 | D:7      | Reached ** piety under Dithmenos
 11245 | D:7      | Reached skill level 5 in Invocations
 11798 | D:7      | Learned a level 3 spell: Dazzling Flash
 11816 | D:8      | Found a hide-covered altar of Uskayaw.
 12035 | D:8      | Noticed a two-headed ogre
 12039 | D:8      | Killed a two-headed ogre
 12640 | D:8      | Noticed Gastronok
 12794 | D:8      | Found a snail-covered altar of Cheibriados.
 12817 | D:8      | Mangled by Gastronok

Illustrated notes

Levels and vault maps discovered:
D:1:      psy_arrival_terrarium, layout_basic,
          hellmonk_ecumenical_altar_slurped_away, serial_bayou_lagoon_a,
          minmay_misc_feat_chi
D:2:      layout_basic, serial_aquarium, aquarium_bridge_square
          [aquarium_subvault_wall, aquarium_subvault_bridge,
          aquarium_subvault_wall, aquarium_subvault_bridge],
          aquarium_bridge_straight [aquarium_subvault_bridge,
          aquarium_subvault_window, aquarium_subvault_bridge,
          aquarium_subvault_wall], aquarium_window_1, aquarium_window_fake,
          aquarium_window_1, aquarium_window_corner, aquarium_view_2e,
          aquarium_view_2c, aquarium_balcony_3a
D:3:      layout_basic, mainiacjoe_overflow_cross_hatched,
          gammafunk_ghost_stat_death, uniq_grinder, uniq_ijyb, uniq_robin,
          uniq_natasha
D:4:      layout_rooms, serial_demonic, serial_demonic_e, serial_demonic_a,
          serial_demonic_b, serial_demonic_g, chequers_serial_rivers_micro_b,
          grunt_decor_junction, uniq_edmund
D:5:      layout_cave_pods, mainiacjoe_overflow_brackets, grunt_decor_arrowhead,
          uniq_blork_the_orc
D:6:      layout_basic, zin_academy, minmay_temple_entry_mini_moons,
          chequers_serial_rivers_micro_a, uniq_pikel, uniq_duvessa
D:7:      layout_gridville, enter_bailey_3, minmay_door_square,
          grunt_ministairs_9
D:8:      layout_loops_ring, nicolae_uskayaw_dance_hall, cheibriados_altar_1,
          uniq_gastronok
Temple:   minmay_freezing_vapour_temple

Skill      XL: |  1  2  3  4  5  6  7  8  9 10 |
---------------+-------------------------------+-----
Dodging        | 3 4 5 6 7 8 |  8.5
Short Blades   | 2 3 4 |  4.6
Spellcasting   | 3 4 5 6 7 |  7.2
Hexes          | 4 5 6 |  6.0
Ice Magic      | 1 2 3 |  3.0
Stealth        | 5 6 8 9 |  9.8
Fighting       | 1 2 4 5 6 |  6.0
Invocations    | 3 4 5 |  5.8
Ranged Weapons | 2 3 |  3.0

Action                   |  1- 3 |  4- 6 |  7- 9 | 10-12 || total
-------------------------+-------+-------+-------+-------++-------
Melee: Dagger            |    57 |   149 |   298 |    95 ||   599
       Punch             |       |     1 |     4 |       ||     5
 Fire: Shortbow          |       |       |    33 |    26 ||    59
 Cast: Ensorcelled Hiber |    14 |    61 |   114 |    20 ||   209
       Confusing Touch   |       |     7 |    14 |    12 ||    33
       Tukima's Dance    |       |       |     9 |    11 ||    20
  Use: Scroll            |       |       |     4 |       ||     4
       Potion            |       |       |     1 |       ||     1
 Stab: Sleeping          |    19 |    39 |    66 |    15 ||   139
       Distracted        |     2 |       |       |       ||     2
       Confused          |       |     7 |    13 |     8 ||    28
Armor: Robe              |     4 |    19 |    23 |     2 ||    48
Dodge: Dodged            |    24 |   173 |   352 |    64 ||   613
